Sabres vs Canadiens

Created - 20 novembre 2025 at 21:20

Goals
1 2 3 T
Sabres 1 1 1 3
Canadiens 0 0 0 0
Shots
1 2 3 T
Sabres 11 10 13 34
Canadiens 9 11 12 32

GoalsPenalties
1st period
1. Sabres , Seth Jarvis 9 (Alex Tuch 13, Owen Power 9) at 19:19 (PP)
Mason McTavish (BUF) for Hooking (Minor) at 0:09
Michael Bunting (MTL) for Roughing (Minor) at 13:46
Anthony Mantha (MTL) for Goalie Interference (Minor) at 18:03
2nd period
2. Sabres , Adam Fantilli 6 (Kirill Marchenko 5, Owen Power 10) at 6:10
Ryan O'Reilly (MTL) for Fighting (Major) at 5:48
Jacob Trouba (BUF) for Fighting (Major) at 5:48
Brendan Gallagher (MTL) for Cross-checking (Minor) at 17:34
3rd period
3. Sabres , Owen Power 3 (Jacob Trouba 2, Alex Tuch 14) at 7:17 (SH)
Mason McTavish (BUF) for Interference (Minor) at 5:26
Nick Perbix (MTL) for Hooking (Minor) at 16:59
Goalie Stats
Anthony Stolarz (BUF), 32 saves from 32 shots - (1,000), W, 5-5-0, 60:00 minutes
Joonas Korpisalo (MTL), 31 saves from 34 shots - (0,912), L, 6-8-0, 60:00 minutes
3 StarsOfficial
1 - Anthony Stolarz (BUF)
2 - Owen Power (BUF)
3 - Alex Tuch (BUF)
Referees : Andrew Howard and Robert Hennessey
Linesman : Kyle Flemington and Robb Harrell
Game Note
Ryan O'Reilly and Jacob Trouba fight to a draw at 5:48 of 2nd period
Finance
Level 1 -- Attendance: 6209 (95,52%) -- Ticket Income $745,080
Level 2 -- Attendance: 4492 (89,84%) -- Ticket Income $381,820
Level 3 -- Attendance: 3297 (94,20%) -- Ticket Income $214,305
Level 4 -- Attendance: 2716 (51,37%) -- Ticket Income $54,320
Luxury Box -- Attendance: 867 (86,70%) -- Ticket Income $190,740
Game was played at the Bell Centre.
Total Attendance: 17581 (82,59%)
Total Ticket Income: $1,586,265
Other Income: $396,566
Total Income: $1,982,831



Team Name Goals Shots Shots Attemp Shots Blocked PIM HIT PP PK FO%
Sabres 3347799301 / 4 (25%)039%
Canadiens 032581313210 / 2 (0%)161%

Sabres
Player Name POS G A P +/- PIM HIT SHT SB MP PP MP PP SHT PK MP PK SHT FO% FOT
Adam FantilliC1011031016:040:0000:00038% 16
Alex TuchRW0221042121:503:4312:3500% 1
Anton LundellC0000011111:520:0001:23031% 16
Brett HowdenC000100309:190:0002:35150% 12
Bryan RustRW0000011019:153:4310:00050% 2
Cole SillingerC000000008:070:0001:2300% 1
Jacob TroubaD0111541114:560:0001:4200% 0
Jake NeighboursLW0000021010:290:0000:0000% 2
John CarlsonD0001021224:484:0802:1600% 0
Jonathan DrouinLW000001106:440:0000:0000% 1
Juraj SlafkovskyLW0000026013:593:3010:0000% 0
Justin FaulkD0000021221:293:0502:1600% 0
Kirill MarchenkoRW0111001019:343:3000:0000% 2
Mason McTavishC0000421019:003:3000:00050% 20
Owen PowerD1232013223:564:0811:4210% 0
Pavel MintyukovD0000003018:223:0520:0000% 0
Seth JarvisC1011016019:473:4350:00043% 7
Simon EdvinssonD0000041016:280:0000:0000% 0
Canadiens
Player Name POS G A P +/- PIM HIT SHT SB MP PP MP PP SHT PK MP PK SHT FO% FOT
Adam GaudetteRW000000005:470:0000:000100% 1
Adam PelechD000-2031423:212:2003:3600% 0
Anthony ManthaRW000-2211018:371:4011:2400% 1
Brendan GallagherRW000020109:520:0000:0000% 0
Christian DvorakC000000007:320:0001:45071% 7
Dakota JoshuaC0000030110:190:0004:3200% 0
Dylan CozensC0000022116:200:0004:51048% 27
Filip ForsbergLW0000017021:102:1811:1700% 1
Jaden SchwartzC000-2003017:141:4000:00065% 20
Macklin CelebriniC0000023019:532:1810:0000% 0
Michael BuntingLW000021209:520:0000:0000% 1
Michael KesselringD000-2001322:302:2012:4500% 0
Mike ReillyD0000013123:251:3814:1000% 0
Nick PerbixD0000243122:161:3823:0200% 0
Pavel DorofeyevLW000-2011017:141:4000:0000% 0
Pierre-Olivier JosephD0000010014:400:0000:5300% 0
Ryan O'ReillyC0000513218:532:1800:37077% 22
Vladislav KolyachonokD0000001013:470:0000:0000% 0



Play-by-Play

1st period


0:01 of 1st period - Bryan Rust wins face-off versus Ryan O'Reilly in neutral zone.
0:09 of 1st period - Minor Penalty to Mason McTavish for Hooking.
0:10 of 1st period - Ryan O'Reilly wins face-off versus Brett Howden in Sabres zone.
0:32 of 1st period - Off-side.
0:33 of 1st period - Anton Lundell wins face-off versus Anthony Mantha in neutral zone.
0:58 of 1st period - Shot by Pavel Dorofeyev.
0:58 of 1st period - Shot Misses the Net.
1:48 of 1st period - Shot by Filip Forsberg.
1:48 of 1st period - Stopped by Anthony Stolarz without a rebound.
1:49 of 1st period - Ryan O'Reilly wins face-off versus Brett Howden in Sabres zone.
3:01 of 1st period - Icing by Vladislav Kolyachonok.
3:02 of 1st period - Dylan Cozens wins face-off versus Mason McTavish in Canadiens zone.
3:02 of 1st period - Dylan Cozens is hit by Alex Tuch.
3:20 of 1st period - Shot by Ryan O'Reilly.
3:20 of 1st period - Deflect By Filip Forsberg.
3:20 of 1st period - Shot Blocked by Justin Faulk.
3:22 of 1st period - Shot by Filip Forsberg.
3:22 of 1st period - Stopped by Anthony Stolarz without a rebound.
3:23 of 1st period - Anton Lundell wins face-off versus Jaden Schwartz in Sabres zone.
3:33 of 1st period - Icing by Adam Pelech.
3:34 of 1st period - Mason McTavish wins face-off versus Jaden Schwartz in Canadiens zone.
4:12 of 1st period - Shot by Jaden Schwartz.
4:12 of 1st period - Stopped by Anthony Stolarz with a rebound.
4:26 of 1st period - Mike Reilly is hit by Mason McTavish and loses puck.
4:39 of 1st period - Shot by Ryan O'Reilly.
4:39 of 1st period - Stopped by Anthony Stolarz without a rebound.
4:40 of 1st period - Adam Gaudette wins face-off versus Adam Fantilli in Sabres zone.
5:35 of 1st period - Icing by Dakota Joshua.
5:36 of 1st period - Anton Lundell wins face-off versus Christian Dvorak in Canadiens zone.
5:39 of 1st period - Shot by Jake Neighbours.
5:39 of 1st period - Deflect By Juraj Slafkovsky.
5:39 of 1st period - Stopped by Joonas Korpisalo with a rebound.
5:42 of 1st period - Icing by Pierre-Olivier Joseph.
5:43 of 1st period - Christian Dvorak wins face-off versus Anton Lundell in Canadiens zone.
6:45 of 1st period - Shot by Jaden Schwartz.
6:45 of 1st period - Shot Misses the Net.
6:55 of 1st period - Shot by Pavel Dorofeyev.
6:55 of 1st period - Stopped by Anthony Stolarz without a rebound.
6:56 of 1st period - Adam Fantilli wins face-off versus Dylan Cozens in Sabres zone.
7:05 of 1st period - Shot by Adam Fantilli.
7:05 of 1st period - Shot Blocked by Michael Kesselring.
7:45 of 1st period - Icing by John Carlson.
7:46 of 1st period - Ryan O'Reilly wins face-off versus Adam Fantilli in Sabres zone.
7:47 of 1st period - Shot by Nick Perbix.
7:47 of 1st period - Shot Misses the Net.
7:49 of 1st period - Shot by Ryan O'Reilly.
7:49 of 1st period - Shot Misses the Net.
7:51 of 1st period - Shot by Macklin Celebrini.
7:51 of 1st period - Deflect By Filip Forsberg.
7:51 of 1st period - Stopped by Anthony Stolarz with a rebound.
7:53 of 1st period - Shot by Macklin Celebrini.
7:53 of 1st period - Stopped by Anthony Stolarz without a rebound.
7:54 of 1st period - Ryan O'Reilly wins face-off versus Mason McTavish in Sabres zone.
9:36 of 1st period - Adam Fantilli is hit by Macklin Celebrini and loses puck.
9:55 of 1st period - Shot by Owen Power.
9:55 of 1st period - Stopped by Joonas Korpisalo with a rebound.
9:57 of 1st period - Shot by Seth Jarvis.
9:57 of 1st period - Deflect By Kirill Marchenko.
9:57 of 1st period - Stopped by Joonas Korpisalo without a rebound.
9:58 of 1st period - Jaden Schwartz wins face-off versus Brett Howden in Canadiens zone.
9:58 of 1st period - Jaden Schwartz is hit by Jonathan Drouin.
10:24 of 1st period - Shot by Brett Howden.
10:24 of 1st period - Stopped by Joonas Korpisalo with a rebound.
12:07 of 1st period - Shot by Kirill Marchenko.
12:07 of 1st period - Shot Misses the Net.
12:09 of 1st period - Shot by Seth Jarvis.
12:09 of 1st period - Shot Blocked by Michael Kesselring.
12:44 of 1st period - Shot by Juraj Slafkovsky.
12:44 of 1st period - Stopped by Joonas Korpisalo without a rebound.
12:45 of 1st period - Brett Howden wins face-off versus Dylan Cozens in Canadiens zone.
12:56 of 1st period - Shot by Michael Bunting.
12:56 of 1st period - Stopped by Anthony Stolarz without a rebound.
12:57 of 1st period - Christian Dvorak wins face-off versus Mason McTavish in Sabres zone.
13:00 of 1st period - Shot by Christian Dvorak.
13:00 of 1st period - Shot Blocked by Owen Power.
13:08 of 1st period - Shot by Mason McTavish.
13:08 of 1st period - Shot Misses the Net.
13:10 of 1st period - Shot by John Carlson.
13:10 of 1st period - Stopped by Joonas Korpisalo with a rebound.
13:22 of 1st period - John Carlson is hit by Dakota Joshua and loses puck.
13:34 of 1st period - Off-side.
13:35 of 1st period - Ryan O'Reilly wins face-off versus Anton Lundell in neutral zone.
13:35 of 1st period - Ryan O'Reilly is hit by Jake Neighbours.
13:45 of 1st period - Shot by Ryan O'Reilly.
13:45 of 1st period - Stopped by Anthony Stolarz without a rebound.
13:46 of 1st period - Adam Fantilli wins face-off versus Michael Bunting in Sabres zone.
13:46 of 1st period - Minor Penalty to Michael Bunting for Roughing.
13:47 of 1st period - Seth Jarvis wins face-off versus Dylan Cozens in Canadiens zone.
13:58 of 1st period - Shot by Owen Power.
13:58 of 1st period - Stopped by Joonas Korpisalo with a rebound.
14:00 of 1st period - Shot by Seth Jarvis.
14:00 of 1st period - Deflect By Bryan Rust.
14:00 of 1st period - Stopped by Joonas Korpisalo without a rebound.
14:01 of 1st period - Mason McTavish wins face-off versus Dylan Cozens in Canadiens zone.
14:02 of 1st period - Shot by Pavel Mintyukov.
14:02 of 1st period - Stopped by Joonas Korpisalo without a rebound.
14:03 of 1st period - Seth Jarvis wins face-off versus Dylan Cozens in Canadiens zone.
14:12 of 1st period - Shot by John Carlson.
14:12 of 1st period - Shot Misses the Net.
14:22 of 1st period - Shot by John Carlson.
14:22 of 1st period - Shot Blocked by Dylan Cozens.
14:24 of 1st period - Shot by Alex Tuch.
14:24 of 1st period - Shot Misses the Net.
14:47 of 1st period - Shot by Owen Power.
14:47 of 1st period - Shot Misses the Net.
14:49 of 1st period - Shot by Alex Tuch.
14:49 of 1st period - Shot Misses the Net.
15:07 of 1st period - Shot by Juraj Slafkovsky.
15:07 of 1st period - Shot Misses the Net.
15:09 of 1st period - Shot by Pavel Mintyukov.
15:09 of 1st period - Shot Misses the Net.
17:12 of 1st period - Shot by Christian Dvorak.
17:12 of 1st period - Shot Misses the Net.
17:29 of 1st period - Simon Edvinsson is hit by Dakota Joshua and loses puck.
17:38 of 1st period - Adam Pelech is hit by Adam Fantilli and loses puck.
17:56 of 1st period - Icing by Pavel Mintyukov.
17:57 of 1st period - Jaden Schwartz wins face-off versus Bryan Rust in Sabres zone.
18:03 of 1st period - Minor Penalty to Anthony Mantha for Goalie Interference.
18:04 of 1st period - Dylan Cozens wins face-off versus Seth Jarvis in Canadiens zone.
18:25 of 1st period - Shot by Seth Jarvis.
18:25 of 1st period - Stopped by Joonas Korpisalo without a rebound.
18:26 of 1st period - Dylan Cozens wins face-off versus Mason McTavish in Canadiens zone.
18:33 of 1st period - Shot by Justin Faulk.
18:33 of 1st period - Shot Misses the Net.
18:39 of 1st period - Shot by Mason McTavish.
18:39 of 1st period - Shot Misses the Net.
18:58 of 1st period - Off-side.
18:59 of 1st period - Christian Dvorak wins face-off versus Seth Jarvis in neutral zone.
19:08 of 1st period - Filip Forsberg is hit by Seth Jarvis and loses puck.
19:19 of 1st period - Shot by Seth Jarvis.
19:19 of 1st period - Goal by Seth Jarvis - Sabres : 1 - Canadiens : 0.
19:20 of 1st period - Jaden Schwartz wins face-off versus Anton Lundell in neutral zone.
19:20 of 1st period - Pavel Dorofeyev is hit by Jake Neighbours.
19:46 of 1st period - Anton Lundell is hit by Pierre-Olivier Joseph and loses puck.
19:55 of 1st period - Shot by Jake Neighbours.
19:55 of 1st period - Shot Misses the Net.
Goals for this period are 1 for Sabres vs 0 for Canadiens.
Shots for this period are 11 for Sabres vs 9 for Canadiens.

2nd period


0:01 of 2nd period - Ryan O'Reilly wins face-off versus Mason McTavish in neutral zone.
0:03 of 2nd period - Macklin Celebrini is hit by Owen Power and loses puck.
0:10 of 2nd period - Shot by Ryan O'Reilly.
0:10 of 2nd period - Shot Misses the Net.
0:23 of 2nd period - Shot by Filip Forsberg.
0:23 of 2nd period - Shot Blocked by Alex Tuch.
0:39 of 2nd period - Shot by Ryan O'Reilly.
0:39 of 2nd period - Deflect By Filip Forsberg.
0:39 of 2nd period - Stopped by Anthony Stolarz without a rebound.
0:40 of 2nd period - Dylan Cozens wins face-off versus Adam Fantilli in Sabres zone.
0:43 of 2nd period - Shot by Dylan Cozens.
0:43 of 2nd period - Stopped by Anthony Stolarz with a rebound.
0:58 of 2nd period - Kirill Marchenko is hit by Adam Pelech and loses puck.
1:11 of 2nd period - Shot by Seth Jarvis.
1:11 of 2nd period - Stopped by Joonas Korpisalo without a rebound.
1:12 of 2nd period - Jaden Schwartz wins face-off versus Anton Lundell in Canadiens zone.
1:19 of 2nd period - Pavel Mintyukov is hit by Anthony Mantha and loses puck.
1:28 of 2nd period - Shot by Jake Neighbours.
1:28 of 2nd period - Shot Misses the Net.
1:30 of 2nd period - Shot by Jacob Trouba.
1:30 of 2nd period - Stopped by Joonas Korpisalo without a rebound.
1:31 of 2nd period - Ryan O'Reilly wins face-off versus Mason McTavish in Canadiens zone.
1:31 of 2nd period - Ryan O'Reilly is hit by Mason McTavish.
1:42 of 2nd period - Icing by Owen Power.
1:43 of 2nd period - Mason McTavish wins face-off versus Jaden Schwartz in Sabres zone.
3:14 of 2nd period - Off-side.
3:15 of 2nd period - Adam Fantilli wins face-off versus Dylan Cozens in neutral zone.
4:23 of 2nd period - Brendan Gallagher is hit by Anton Lundell and loses puck.
4:43 of 2nd period - Anton Lundell is hit by Nick Perbix.
4:48 of 2nd period - Ryan O'Reilly is hit by Simon Edvinsson.
4:51 of 2nd period - Icing by Simon Edvinsson.
4:52 of 2nd period - Jaden Schwartz wins face-off versus Anton Lundell in Sabres zone.
4:52 of 2nd period - Jaden Schwartz is hit by Simon Edvinsson.
5:19 of 2nd period - Off-side.
5:20 of 2nd period - Ryan O'Reilly wins face-off versus Brett Howden in neutral zone.
5:48 of 2nd period - Ryan O'Reilly and Jacob Trouba fight to a draw.
5:48 of 2nd period - Penalty to Ryan O'Reilly for Fighting.
5:48 of 2nd period - Penalty to Jacob Trouba for Fighting.
5:49 of 2nd period - Adam Fantilli wins face-off versus Jaden Schwartz in neutral zone.
6:10 of 2nd period - Shot by Kirill Marchenko.
6:10 of 2nd period - Deflect By Adam Fantilli.
6:10 of 2nd period - The goal is going for a video replay.
6:10 of 2nd period - The goal is good.
6:10 of 2nd period - Goal by Adam Fantilli - Sabres : 2 - Canadiens : 0.
6:11 of 2nd period - Mason McTavish wins face-off versus Dylan Cozens in neutral zone.
6:18 of 2nd period - Shot by Alex Tuch.
6:18 of 2nd period - Stopped by Joonas Korpisalo without a rebound.
6:19 of 2nd period - Dylan Cozens wins face-off versus Adam Fantilli in Canadiens zone.
6:48 of 2nd period - Adam Fantilli is hit by Dylan Cozens and loses puck.
6:56 of 2nd period - Icing by Justin Faulk.
6:57 of 2nd period - Jaden Schwartz wins face-off versus Kirill Marchenko in Sabres zone.
7:06 of 2nd period - Shot by Anthony Mantha.
7:06 of 2nd period - Shot Misses the Net.
7:08 of 2nd period - Shot by Michael Kesselring.
7:08 of 2nd period - Deflect By Pavel Dorofeyev.
7:08 of 2nd period - Shot Blocked by Justin Faulk.
8:00 of 2nd period - John Carlson is hit by Dakota Joshua and loses puck.
8:29 of 2nd period - Pierre-Olivier Joseph is hit by Alex Tuch and loses puck.
9:03 of 2nd period - Juraj Slafkovsky is hit by Mike Reilly and loses puck.
9:10 of 2nd period - Shot by Jake Neighbours.
9:10 of 2nd period - Shot Misses the Net.
9:27 of 2nd period - Jonathan Drouin is hit by Nick Perbix and loses puck.
9:34 of 2nd period - Shot by Filip Forsberg.
9:34 of 2nd period - Shot Misses the Net.
10:40 of 2nd period - Shot by Dylan Cozens.
10:40 of 2nd period - Stopped by Anthony Stolarz without a rebound.
10:41 of 2nd period - Mason McTavish wins face-off versus Dylan Cozens in Sabres zone.
10:50 of 2nd period - Shot by Bryan Rust.
10:50 of 2nd period - Deflect By Mason McTavish.
10:50 of 2nd period - Shot Misses the Net.
11:07 of 2nd period - Icing by Owen Power.
11:08 of 2nd period - Mason McTavish wins face-off versus Filip Forsberg in Sabres zone.
11:08 of 2nd period - Mason McTavish is hit by Ryan O'Reilly.
11:30 of 2nd period - John Carlson is hit by Macklin Celebrini and loses puck.
11:35 of 2nd period - Shot by Filip Forsberg.
11:35 of 2nd period - Stopped by Anthony Stolarz with a rebound.
11:37 of 2nd period - Shot by Ryan O'Reilly.
11:37 of 2nd period - Stopped by Anthony Stolarz without a rebound.
11:38 of 2nd period - Jaden Schwartz wins face-off versus Jake Neighbours in Sabres zone.
11:59 of 2nd period - Shot by Simon Edvinsson.
11:59 of 2nd period - Stopped by Joonas Korpisalo without a rebound.
12:00 of 2nd period - Ryan O'Reilly wins face-off versus Adam Fantilli in Canadiens zone.
12:13 of 2nd period - Shot by Ryan O'Reilly.
12:13 of 2nd period - Shot Blocked by Jacob Trouba.
12:25 of 2nd period - Filip Forsberg is hit by Jacob Trouba and loses puck.
12:35 of 2nd period - Shot by Macklin Celebrini.
12:35 of 2nd period - Shot Misses the Net.
12:40 of 2nd period - Filip Forsberg is hit by Jacob Trouba.
12:43 of 2nd period - Ryan O'Reilly is hit by Jacob Trouba and loses puck.
12:55 of 2nd period - Off-side.
12:56 of 2nd period - Anton Lundell wins face-off versus Dylan Cozens in neutral zone.
13:11 of 2nd period - Shot by Juraj Slafkovsky.
13:11 of 2nd period - Shot Misses the Net.
13:13 of 2nd period - Shot by Juraj Slafkovsky.
13:13 of 2nd period - Shot Misses the Net.
13:15 of 2nd period - Shot by Anton Lundell.
13:15 of 2nd period - Shot Misses the Net.
13:17 of 2nd period - Shot by Anton Lundell.
13:17 of 2nd period - Deflect By Jake Neighbours.
13:17 of 2nd period - Shot Misses the Net.
13:19 of 2nd period - Shot by Juraj Slafkovsky.
13:19 of 2nd period - Stopped by Joonas Korpisalo with a rebound.
13:21 of 2nd period - Shot by Jake Neighbours.
13:21 of 2nd period - Stopped by Joonas Korpisalo with a rebound.
13:23 of 2nd period - Shot by Juraj Slafkovsky.
13:23 of 2nd period - Stopped by Joonas Korpisalo without a rebound.
13:24 of 2nd period - Mason McTavish wins face-off versus Jaden Schwartz in Canadiens zone.
14:28 of 2nd period - Shot by Filip Forsberg.
14:28 of 2nd period - Shot Misses the Net.
14:30 of 2nd period - Shot by Filip Forsberg.
14:30 of 2nd period - Stopped by Anthony Stolarz without a rebound.
14:31 of 2nd period - Adam Fantilli wins face-off versus Ryan O'Reilly in Sabres zone.
14:44 of 2nd period - Shot by Pavel Mintyukov.
14:44 of 2nd period - Shot Blocked by Michael Kesselring.
14:58 of 2nd period - Shot by Macklin Celebrini.
14:58 of 2nd period - Stopped by Anthony Stolarz without a rebound.
14:59 of 2nd period - Dylan Cozens wins face-off versus Anton Lundell in Sabres zone.
15:04 of 2nd period - Shot by Nick Perbix.
15:04 of 2nd period - Stopped by Anthony Stolarz without a rebound.
15:05 of 2nd period - Dylan Cozens wins face-off versus Alex Tuch in Sabres zone.
15:06 of 2nd period - Shot by Michael Bunting.
15:06 of 2nd period - Stopped by Anthony Stolarz with a rebound.
15:08 of 2nd period - Shot by Brendan Gallagher.
15:08 of 2nd period - Stopped by Anthony Stolarz without a rebound.
15:09 of 2nd period - Ryan O'Reilly wins face-off versus Mason McTavish in Sabres zone.
15:10 of 2nd period - Shot by Filip Forsberg.
15:10 of 2nd period - Shot Blocked by Owen Power.
15:24 of 2nd period - Shot by Bryan Rust.
15:24 of 2nd period - Shot Misses the Net.
15:35 of 2nd period - Filip Forsberg is hit by John Carlson.
15:53 of 2nd period - Shot by Filip Forsberg.
15:53 of 2nd period - Shot Misses the Net.
16:19 of 2nd period - Filip Forsberg is hit by Justin Faulk and loses puck.
16:39 of 2nd period - Michael Bunting is hit by Justin Faulk and loses puck.
16:45 of 2nd period - Off-side.
16:46 of 2nd period - Anton Lundell wins face-off versus Jaden Schwartz in neutral zone.
17:11 of 2nd period - Shot by Jaden Schwartz.
17:11 of 2nd period - Stopped by Anthony Stolarz without a rebound.
17:12 of 2nd period - Dylan Cozens wins face-off versus Jonathan Drouin in Sabres zone.
17:34 of 2nd period - Minor Penalty to Brendan Gallagher for Cross-checking.
17:35 of 2nd period - Dylan Cozens wins face-off versus Seth Jarvis in Canadiens zone.
17:45 of 2nd period - Seth Jarvis is hit by Adam Pelech and loses puck.
17:56 of 2nd period - Shot by Bryan Rust.
17:56 of 2nd period - Shot Blocked by Adam Pelech.
17:58 of 2nd period - Shot by Alex Tuch.
17:58 of 2nd period - Shot Hit the Post.
18:00 of 2nd period - Shot by Alex Tuch.
18:00 of 2nd period - Shot Misses the Net.
18:02 of 2nd period - Shot by Alex Tuch.
18:02 of 2nd period - Deflect By Seth Jarvis.
18:02 of 2nd period - Stopped by Joonas Korpisalo without a rebound.
18:03 of 2nd period - Dylan Cozens wins face-off versus Mason McTavish in Canadiens zone.
18:03 of 2nd period - Dakota Joshua is hit by Juraj Slafkovsky and loses puck.
18:27 of 2nd period - Shot by Kirill Marchenko.
18:27 of 2nd period - Shot Blocked by Nick Perbix.
18:29 of 2nd period - Shot by Mason McTavish.
18:29 of 2nd period - Shot Misses the Net.
19:06 of 2nd period - Shot by Seth Jarvis.
19:06 of 2nd period - Stopped by Joonas Korpisalo without a rebound.
19:07 of 2nd period - Seth Jarvis wins face-off versus Christian Dvorak in Canadiens zone.
19:32 of 2nd period - Shot by Alex Tuch.
19:32 of 2nd period - Shot Misses the Net.
Goals for this period are 1 for Sabres vs 0 for Canadiens.
Shots for this period are 10 for Sabres vs 11 for Canadiens.

3rd period


0:01 of 3rd period - Ryan O'Reilly wins face-off versus Adam Fantilli in neutral zone.
0:09 of 3rd period - Icing by John Carlson.
0:10 of 3rd period - Ryan O'Reilly wins face-off versus Adam Fantilli in Sabres zone.
0:13 of 3rd period - Shot by Filip Forsberg.
0:13 of 3rd period - Shot Misses the Net.
0:29 of 3rd period - Shot by Ryan O'Reilly.
0:29 of 3rd period - Shot Misses the Net.
0:31 of 3rd period - Shot by Adam Pelech.
0:31 of 3rd period - Stopped by Anthony Stolarz without a rebound.
0:32 of 3rd period - Mason McTavish wins face-off versus Dylan Cozens in Sabres zone.
1:02 of 3rd period - Icing by Nick Perbix.
1:03 of 3rd period - Dylan Cozens wins face-off versus Jake Neighbours in Canadiens zone.
1:16 of 3rd period - Shot by Michael Bunting.
1:16 of 3rd period - Deflect By Dylan Cozens.
1:16 of 3rd period - Shot Blocked by John Carlson.
2:01 of 3rd period - Icing by Michael Kesselring.
2:02 of 3rd period - Ryan O'Reilly wins face-off versus Adam Fantilli in Canadiens zone.
2:02 of 3rd period - Ryan O'Reilly is hit by Adam Fantilli.
2:13 of 3rd period - Filip Forsberg is hit by Jacob Trouba and loses puck.
2:19 of 3rd period - Pavel Mintyukov is hit by Adam Pelech and loses puck.
3:44 of 3rd period - Icing by Anthony Mantha.
3:45 of 3rd period - Jaden Schwartz wins face-off versus Anton Lundell in Canadiens zone.
3:54 of 3rd period - Shot by Anthony Mantha.
3:54 of 3rd period - Shot Misses the Net.
3:56 of 3rd period - Shot by Mike Reilly.
3:56 of 3rd period - Stopped by Anthony Stolarz with a rebound.
3:58 of 3rd period - Shot by Mike Reilly.
3:58 of 3rd period - Stopped by Anthony Stolarz without a rebound.
3:59 of 3rd period - Brett Howden wins face-off versus Dylan Cozens in Sabres zone.
3:59 of 3rd period - Brett Howden is hit by Dylan Cozens.
4:04 of 3rd period - Brett Howden is hit by Michael Bunting and loses puck.
4:53 of 3rd period - Vladislav Kolyachonok is hit by Adam Fantilli and loses puck.
4:57 of 3rd period - Off-side.
4:58 of 3rd period - Jaden Schwartz wins face-off versus Mason McTavish in neutral zone.
5:14 of 3rd period - Pavel Dorofeyev is hit by Simon Edvinsson and loses puck.
5:26 of 3rd period - Minor Penalty to Mason McTavish for Interference.
5:27 of 3rd period - Brett Howden wins face-off versus Ryan O'Reilly in Sabres zone.
5:33 of 3rd period - Icing by Ryan O'Reilly.
5:34 of 3rd period - Brett Howden wins face-off versus Ryan O'Reilly in Canadiens zone.
5:41 of 3rd period - Shot by Brett Howden.
5:41 of 3rd period - Stopped by Joonas Korpisalo with a rebound.
5:55 of 3rd period - Shot by Macklin Celebrini.
5:55 of 3rd period - Stopped by Anthony Stolarz without a rebound.
5:56 of 3rd period - Jaden Schwartz wins face-off versus Anton Lundell in Sabres zone.
6:07 of 3rd period - Shot by Mike Reilly.
6:07 of 3rd period - Stopped by Anthony Stolarz with a rebound.
6:09 of 3rd period - Shot by Nick Perbix.
6:09 of 3rd period - Stopped by Anthony Stolarz with a rebound.
6:23 of 3rd period - Shot by Anthony Mantha.
6:23 of 3rd period - Stopped by Anthony Stolarz without a rebound.
6:24 of 3rd period - Ryan O'Reilly wins face-off versus Cole Sillinger in Sabres zone.
6:53 of 3rd period - Shot by Adam Pelech.
6:53 of 3rd period - Shot Blocked by John Carlson.
6:55 of 3rd period - Shot by Michael Kesselring.
6:55 of 3rd period - Stopped by Anthony Stolarz without a rebound.
6:56 of 3rd period - Jaden Schwartz wins face-off versus Brett Howden in Sabres zone.
7:05 of 3rd period - Shot by Nick Perbix.
7:05 of 3rd period - Shot Misses the Net.
7:07 of 3rd period - Shot by Nick Perbix.
7:07 of 3rd period - Stopped by Anthony Stolarz without a rebound.
7:08 of 3rd period - Brett Howden wins face-off versus Jaden Schwartz in Sabres zone.
7:17 of 3rd period - Shot by Owen Power.
7:17 of 3rd period - Goal by Owen Power - Sabres : 3 - Canadiens : 0.
7:18 of 3rd period - Ryan O'Reilly wins face-off versus Brett Howden in neutral zone.
7:34 of 3rd period - Off-side.
7:35 of 3rd period - Ryan O'Reilly wins face-off versus Adam Fantilli in neutral zone.
7:48 of 3rd period - Shot by Seth Jarvis.
7:48 of 3rd period - Shot Blocked by Adam Pelech.
7:50 of 3rd period - Shot by Seth Jarvis.
7:50 of 3rd period - Shot Blocked by Ryan O'Reilly.
8:15 of 3rd period - Shot by Kirill Marchenko.
8:15 of 3rd period - Shot Blocked by Ryan O'Reilly.
8:17 of 3rd period - Shot by Pavel Mintyukov.
8:17 of 3rd period - Shot Misses the Net.
8:19 of 3rd period - Shot by Pavel Mintyukov.
8:19 of 3rd period - Stopped by Joonas Korpisalo without a rebound.
8:20 of 3rd period - Jaden Schwartz wins face-off versus Mason McTavish in Canadiens zone.
8:20 of 3rd period - Jaden Schwartz is hit by Alex Tuch.
8:49 of 3rd period - Shot by Owen Power.
8:49 of 3rd period - Shot Blocked by Mike Reilly.
8:51 of 3rd period - Shot by Mason McTavish.
8:51 of 3rd period - Stopped by Joonas Korpisalo without a rebound.
8:52 of 3rd period - Dylan Cozens wins face-off versus Anton Lundell in Canadiens zone.
8:52 of 3rd period - Dylan Cozens is hit by Juraj Slafkovsky.
9:21 of 3rd period - Michael Bunting is hit by Simon Edvinsson and loses puck.
9:28 of 3rd period - Shot by Michael Bunting.
9:28 of 3rd period - Shot Misses the Net.
9:30 of 3rd period - Shot by Vladislav Kolyachonok.
9:30 of 3rd period - Stopped by Anthony Stolarz without a rebound.
9:31 of 3rd period - Ryan O'Reilly wins face-off versus Adam Fantilli in Sabres zone.
9:36 of 3rd period - Shot by Filip Forsberg.
9:36 of 3rd period - Stopped by Anthony Stolarz with a rebound.
11:22 of 3rd period - Shot by Juraj Slafkovsky.
11:22 of 3rd period - Stopped by Joonas Korpisalo without a rebound.
11:23 of 3rd period - Christian Dvorak wins face-off versus Anton Lundell in Canadiens zone.
11:37 of 3rd period - Shot by Anton Lundell.
11:37 of 3rd period - Stopped by Joonas Korpisalo with a rebound.
11:39 of 3rd period - Shot by Justin Faulk.
11:39 of 3rd period - Stopped by Joonas Korpisalo with a rebound.
11:45 of 3rd period - Shot by Juraj Slafkovsky.
11:45 of 3rd period - Shot Blocked by Dakota Joshua.
11:47 of 3rd period - Shot by Anton Lundell.
11:47 of 3rd period - Shot Misses the Net.
12:01 of 3rd period - Shot by Anton Lundell.
12:01 of 3rd period - Shot Misses the Net.
12:03 of 3rd period - Shot by Anton Lundell.
12:03 of 3rd period - Shot Misses the Net.
12:05 of 3rd period - Shot by Simon Edvinsson.
12:05 of 3rd period - Shot Misses the Net.
13:55 of 3rd period - Shot by Bryan Rust.
13:55 of 3rd period - Shot Blocked by Adam Pelech.
14:21 of 3rd period - Cole Sillinger is hit by Pavel Dorofeyev and loses puck.
14:30 of 3rd period - Shot by Jonathan Drouin.
14:30 of 3rd period - Stopped by Joonas Korpisalo without a rebound.
14:31 of 3rd period - Brett Howden wins face-off versus Ryan O'Reilly in Canadiens zone.
14:31 of 3rd period - Jonathan Drouin is hit by Nick Perbix and loses puck.
14:51 of 3rd period - Shot by Brett Howden.
14:51 of 3rd period - Shot Misses the Net.
15:12 of 3rd period - Off-side.
15:13 of 3rd period - Adam Fantilli wins face-off versus Dylan Cozens in neutral zone.
16:33 of 3rd period - Mike Reilly is hit by Bryan Rust and loses puck.
16:51 of 3rd period - Bryan Rust is hit by Nick Perbix and loses puck.
16:59 of 3rd period - Minor Penalty to Nick Perbix for Hooking.
17:00 of 3rd period - Dylan Cozens wins face-off versus Kirill Marchenko in Canadiens zone.
17:12 of 3rd period - Icing by Mason McTavish.
17:13 of 3rd period - Mason McTavish wins face-off versus Dylan Cozens in Sabres zone.
17:32 of 3rd period - Shot by Juraj Slafkovsky.
17:32 of 3rd period - Stopped by Joonas Korpisalo with a rebound.
17:34 of 3rd period - Shot by Mason McTavish.
17:34 of 3rd period - Shot Misses the Net.
18:02 of 3rd period - Shot by Seth Jarvis.
18:02 of 3rd period - Stopped by Joonas Korpisalo without a rebound.
18:03 of 3rd period - Christian Dvorak wins face-off versus Seth Jarvis in Canadiens zone.
18:03 of 3rd period - Christian Dvorak is hit by Alex Tuch.
18:29 of 3rd period - Shot by Pavel Mintyukov.
18:29 of 3rd period - Stopped by Joonas Korpisalo with a rebound.
18:31 of 3rd period - Shot by Bryan Rust.
18:31 of 3rd period - Deflect By Alex Tuch.
18:31 of 3rd period - Stopped by Joonas Korpisalo without a rebound.
18:32 of 3rd period - Mason McTavish wins face-off versus Dylan Cozens in Canadiens zone.
18:41 of 3rd period - Shot by John Carlson.
18:41 of 3rd period - Shot Blocked by Adam Pelech.
19:05 of 3rd period - Jonathan Drouin is hit by Filip Forsberg and loses puck.
19:32 of 3rd period - Shot by Brett Howden.
19:32 of 3rd period - Stopped by Joonas Korpisalo without a rebound.
19:33 of 3rd period - Jaden Schwartz wins face-off versus Anton Lundell in Canadiens zone.
19:51 of 3rd period - Pavel Dorofeyev is hit by John Carlson and loses puck.
19:54 of 3rd period - Shot by Jaden Schwartz.
19:54 of 3rd period - Stopped by Anthony Stolarz with a rebound.
19:56 of 3rd period - Shot by Adam Pelech.
19:56 of 3rd period - Shot Blocked by Anton Lundell.
19:58 of 3rd period - Shot by Jaden Schwartz.
19:58 of 3rd period - Shot Misses the Net.
Goals for this period are 1 for Sabres vs 0 for Canadiens.
Shots for this period are 13 for Sabres vs 12 for Canadiens.